Unix NetHack Version 3.7.0-53 Work-in-progress - last build Apr 4 2022 15:05:14 (0945cd16e85ecfe9c80600c62adfe552c28f66b8,branch:master). Game began 2022-04-11 07:39:06, ended 2022-04-11 08:14:03. elenmirie, neutral female human Tourist ----- --------- |...| |.......| ------- ------ -------- |{..| # |.......| |.....| #......# |.......# #|....### |.......| #.....^| #|..<.|# |......|######....| ## #|.......| #|......## ##.....|# |......| #----- ###..{.....| ##------- # #---+--## ---|---- #--------- #### 0# ##### # d ######## ### # # ## @i # # # # ##------------- ## ## # # #|...........| --.-- # #--------# #|...........| |....## #.^...(.-# #-...........| |...|## |......| |...........| |...|## |......| |...........| |..k+### +......| |>..........| ----- |......| ------------- -------- Elenmirie the Sightseer St:8 Dx:13 Co:15 In:14 Wi:10 Ch:17 Neutral Dlvl:5 $:72 HP:0(35) Pw:12(12) AC:9 Xp:4/112 T:1888 Latest messages: The imp hits! The little dog misses the imp. In what direction? l The dart misses the imp. The little dog misses the imp. The imp hits! The little dog misses the imp. In what direction? l The dart misses the imp. The little dog misses the imp. The imp hits! In what direction? l The dart hits the imp. The little dog misses the imp. The imp hits! The little dog misses the imp. In what direction? l The dart misses the imp. The little dog misses the imp. The imp hits! The little dog misses the imp. In what direction? l The dart hits the imp. The little dog misses the imp. The imp hits! The little dog misses the imp. In what direction? l The dart misses the imp. The little dog misses the imp. The imp hits! "Thinkest thou it shall tickle as I rip out thy lungs?" The little dog misses the imp. In what direction? l The dart hits the imp. The little dog misses the imp. The imp hits! In what direction? l The dart misses the imp. The little dog misses the imp. The imp hits! In what direction? l The dart misses the imp. The little dog misses the imp. The imp hits! You die... Do you want your possessions identified? [ynq] (y) y Do you want to see your attributes? [ynq] (y) y Do you want an account of creatures vanquished? [ynaq] (y) y Do you want to see your conduct and achievements? [ynq] (y) y Do you want to see the dungeon overview? [ynq] (y) y Major events: Turn 1: elenmirie the neutral female human Tourist entered the dungeon 770: attained the rank of Sightseer (level 3) 1209: entered the Gnomish Mines 1888: killed by an imp Inventory: Coins $ - 72 gold pieces Weapons a - 2 uncursed +2 darts (at the ready) x - a blessed +1 orcish dagger q - an uncursed +0 orcish dagger (weapon in hand) Armor v - an uncursed +0 orcish helm (being worn) j - an uncursed +0 Hawaiian shirt with a toucan motif (being worn) Comestibles b - an uncursed apple t - an uncursed carrot d - 3 uncursed food rations D - an uncursed food ration e - an uncursed fortune cookie c - 2 uncursed tripe rations E - an uncursed tripe ration Potions A - an uncursed potion of booze Wands B - an uncursed wand of nothing (0:12) Tools w - an uncursed sack containing 8 items y - an uncursed brass lantern l - an uncursed credit card k - an uncursed expensive camera (0:43) r - an uncursed lock pick C - a cursed tallow candle Contents of the sack: 748 gold pieces an uncursed scroll of light a blessed scroll of magic mapping 3 uncursed scrolls of magic mapping an uncursed spellbook of create monster an uncursed potion of extra healing an uncursed potion of oil an uncursed potion of sickness Elenmirie the Tourist's attributes: Background: You were a Sightseer, a level 4 female human Tourist. You were neutral, on a mission for The Lady who was opposed by Blind Io (lawful) and Offler (chaotic). You were in the Dungeons of Doom, on level 5. You entered the dungeon 1888 turns ago. You had 112 experience points, 48 more were needed to attain level 5. Basics: You had 0 out of 35 hit points. You had all 12 energy points (spell power). Your armor class was 9. Your wallet contained 72 zorkmids. Autopickup was on for '$' plus thrown. Final Characteristics: Your strength was 8 (limit:18/100). Your dexterity was 13 (limit:18). Your constitution was 15 (limit:18). Your intelligence was 14 (limit:18). Your wisdom was 10 (limit:18). Your charisma was 17 (limit:18). Final Status: You were not hungry. You were unencumbered. You were wielding a dagger. You were unskilled in dagger. Final Attributes: You were devoutly aligned. You were fire resistant. You were poison resistant. You were telepathic. You are dead. Miscellaneous: You never encountered a bones level. Total elapsed playing time was 34 minutes and 54 seconds. Vanquished creatures: a shrieker a gnome leader a floating eye a giant bat an orc zombie 2 dwarf zombies an iguana a cave spider a red mold a garter snake 3 geckos 2 jackals 3 goblins a sewer rat 3 grid bugs 2 bats 2 lichens 6 newts 33 creatures vanquished. No species were genocided or became extinct. Voluntary challenges: You were illiterate. You never engraved Elbereth. You never genocided any monsters. You never polymorphed an object. You never changed form. You used no wishes. Achievements: You attained the rank of Sightseer. You entered the Gnomish Mines. The Dungeons of Doom: levels 1 to 5 Level 1: Some fountains, a sink. Level 2: A fountain. Level 3: A fountain. Stairs down to The Gnomish Mines. Level 4: A sink. Level 5: <- You were here. Some fountains. Final resting place for you, killed by an imp. The Gnomish Mines: Level 4: Game over: ---------- / \ / REST \ / IN \ / PEACE \ / \ | elenmirie | | 820 Au | | killed by an imp | | | | | | | | 2022 | *| * * * | * _________)/\\_//(\/(/\)/\//\/|_)_______ Aloha elenmirie the Tourist... You died in The Dungeons of Doom on dungeon level 5 with 722 points, and 820 pieces of gold, after 1888 moves. You were level 4 with a maximum of 35 hit points when you died.